 Dungeon Crawl Stone Soup version 0.23.0-3-gf3c87f2 (webtiles) character file.

Game seed: 1495593786490249017

973 Monsterracer the Archer (level 7, 0/43 HPs)
             Began as a Deep Elf Hunter on Feb 22, 2019.
             Slain by an ufetubus (4 damage)
             ... summoned by Eustachio
             ... on level 4 of the Dungeon.
             The game lasted 00:07:43 (7022 turns).

Monsterracer the Archer (Deep Elf Hunter)           Turns: 7022, Time: 00:07:44

Health: 0/43       AC:  7    Str: 11    XL:     7   Next: 94%
Magic:  9/9        EV: 13    Int: 16    God:
Gold:   166        SH:  0    Dex: 15    Spells: 6/6 levels left

rFire    + . .     SeeInvis +   a - +2 shortbow
rCold    . . .     Gourm    .   (shield currently unavailable)
rNeg     . . .     Faith    .   g - +0 ring mail
rPois    .         Spirit   .   j - +1 helmet
rElec    .         Reflect  .   (no cloak)
rCorr    .         Harm     .   (no gloves)
MR       .....                  (no boots)
Stlth    +.........             n - amulet of rage
HPRegen  0.14/turn              F - ring of protection from fire
MPRegen  0.11/turn              S - ring of see invisible

@: berserk cooldown, slowed, very slow
A: no striking features
a: Evoke Berserk Rage


You were on level 4 of the Dungeon.
You were not hungry.

You visited 1 branch of the dungeon, and saw 5 of its levels.

You collected 166 gold pieces.


   Skills:
 + Level 4.1 Fighting
 * Level 8.6 Bows
 + Level 5.3 Dodging
 - Level 1.2 Stealth


You had 6 spell levels left.
You didn't know any spells.
Your spell library was empty.

Inventory:

Hand Weapons
 a - a +2 shortbow (weapon)
 b - a +0 short sword
Missiles
 k - 25 arrows (quivered)
Armour
 g - a +0 ring mail (worn)
   (You found it on level 1 of the Dungeon)
 j - a +1 helmet (worn)
   (You took it off Robin on level 2 of the Dungeon)
Jewellery
 e - an uncursed ring of stealth
   (You found it on level 5 of the Dungeon)
 m - an uncursed ring of resist corrosion
   (You found it on level 2 of the Dungeon)
 n - an amulet of rage (around neck)
   (You took it off a goblin on level 2 of the Dungeon)
 q - an uncursed ring of ice
   (You found it on level 3 of the Dungeon)
 F - a ring of protection from fire (left hand)
   (You took it off Jessica on level 3 of the Dungeon)
 S - a ring of see invisible (right hand)
   (You took it off a goblin on level 2 of the Dungeon)
Scrolls
 o - a scroll of amnesia
 p - 2 scrolls of enchant weapon
 r - 6 scrolls of remove curse
 X - a scroll of blinking
Potions
 d - a potion of heal wounds
 h - 2 potions of ambrosia {!q}
 i - a potion of magic
Comestibles
 c - 4 rations

Dungeon Overview and Level Annotations

Branches:
Dungeon (5/15)
 Temple: D:4-7

Altars:
Ru

Annotations:
D:2 Terence
D:4 Eustachio
D:5 2 transporters, vishdafish's ghost, novice GnSk

#.#....#### #######
..._...... #####.....#
....#.##. #...'....(# #
..##.### #.###.....# #.#
#....##. #.....########.#
#.# #. ##....#
#......#####.# #.
#.#.####..5.........#####.
#>.......@@.((..(.........
#........55...............
#.######...........#######
#.# #...........# #.#
#...........# #.#
#...........# ###.#
############# #...#
#.#########


You could see Eustachio, an iron imp and 2 ufetubi.


Message History

The rat bites you but does no damage.
You closely miss Eustachio.
Eustachio is severely wounded.
Eustachio mumbles some strange words.
Eustachio blinks!
The ufetubus hits you. The ufetubus misses you.
The ufetubus completely misses you. The ufetubus hits you.
You take 3 damage, and have 59/64 hp.
You puncture the rat!
You kill the rat!
The rat's corpse disappears in a puff of smoke!
The ufetubus barely misses you. The ufetubus hits you.
The ufetubus hits you but does no damage.
The ufetubus closely misses you.
You take 3 damage, and have 56/64 hp.
The ufetubus barely misses you.
The ufetubus hits you but does no damage. x2
The ufetubus misses you.
The iron imp shouts, "Accept thy failure, thou craven hell-hated death-token!"
The iron imp hits you but does no damage.
You closely miss the iron imp. The ufetubus misses you.
The ufetubus hits you but does no damage.
The ufetubus barely misses you. The ufetubus closely misses you.
You puncture the iron imp!
The iron imp is heavily wounded.
The ufetubus hits you but does no damage.
The ufetubus barely misses you. x2; The ufetubus hits you.
The iron imp hits you.
You take 2 damage, and have 54/64 hp.
You hit Eustachio.
Eustachio is severely wounded.
You are no longer berserk.
You are exhausted.
You feel yourself slow down. The ufetubus barely misses you.
The ufetubus closely misses you. x2
The ufetubus barely misses you. The ufetubus hits you. x2
You now have 30/43 hp.
a - a +2 shortbow (weapon)
The ufetubus hits you. The ufetubus barely misses you.
Eustachio completely misses you. The iron imp barely misses you.
The ufetubus hits you but does no damage.
The ufetubus hits you.
You take 4 damage, and have 26/43 hp.
The ufetubus closely misses you.
The ufetubus hits you but does no damage.
The ufetubus closely misses you. x2
The ufetubus hits you but does no damage. x2
The iron imp hits you but does no damage.
The ufetubus hits you.
The ufetubus hits you but does no damage.
The ufetubus closely misses you. The ufetubus barely misses you.
You take 2 damage, and have 24/43 hp.
Firing (i - inventory)
k - 29 arrows (quivered)
Press: ? - help, Shift-Dir - straight line, f/p - Eustachio
Aim: Eustachio, wielding a +0 rapier and wearing a +0 leather armour (severely wounded)
You shoot an arrow. The arrow hits Eustachio.
Eustachio is almost dead.
Eustachio hits you but does no damage. The ufetubus barely misses you.
The ufetubus closely misses you. The ufetubus hits you.
* * * LOW HITPOINT WARNING * * *
The ufetubus barely misses you. The iron imp closely misses you.
Eustachio hits you with a +0 rapier.
* * * LOW HITPOINT WARNING * * *
The ufetubus hits you but does no damage.
The ufetubus closely misses you. x2; The ufetubus completely misses you.
You take 5 damage, and have 19/43 hp.
Firing (i - inventory)
k - 28 arrows (quivered)
Press: ? - help, Shift-Dir - straight line, f/p - Eustachio
Aim: Eustachio, wielding a +0 rapier and wearing a +0 leather armour (almost dead)
You shoot an arrow. The arrow closely misses Eustachio.
The ufetubus hits you but does no damage. x2
The ufetubus barely misses you. The ufetubus closely misses you.
The iron imp closely misses you. Eustachio hits you with a +0 rapier!
* * * LOW HITPOINT WARNING * * *
The ufetubus hits you.
* * * LOW HITPOINT WARNING * * *
The ufetubus closely misses you. The ufetubus hits you.
* * * LOW HITPOINT WARNING * * *
The ufetubus hits you but does no damage.
You take 11 damage, and have 8/43 hp.
MASSIVE DAMAGE!!
You aren't carrying any items that you can evoke.
Firing (i - inventory)
k - 27 arrows (quivered)
Press: ? - help, Shift-Dir - straight line, f/p - Eustachio
Aim: Eustachio, wielding a +0 rapier and wearing a +0 leather armour (almost dead)
You shoot an arrow. The arrow closely misses Eustachio.
The ufetubus closely misses you. The ufetubus barely misses you. x3
The iron imp misses you.
Eustachio says, "Summoning is fun!"
Eustachio closely misses you. The ufetubus hits you.
* * * LOW HITPOINT WARNING * * *
The ufetubus hits you.
* * * LOW HITPOINT WARNING * * *
The ufetubus closely misses you. x2
You take 4 damage, and have 4/43 hp.
Firing (i - inventory)
k - 26 arrows (quivered)
Press: ? - help, Shift-Dir - straight line, f/p - Eustachio
Aim: Eustachio, wielding a +0 rapier and wearing a +0 leather armour (almost dead)
You shoot an arrow. The arrow hits Eustachio.
Eustachio is almost dead.
The ufetubus misses you. The ufetubus hits you.
You die...

Skill      XL: |  1  2  3  4  5  6  7 |
---------------+----------------------+-----
Bows           | 5 6 7 8 |  8.6
Fighting       | 2 3 4 |  4.1
Dodging        | 3 4 5 |  5.3
Stealth        | |  1.2

Action                   |  1- 3 |  4- 6 |  7- 9 || total
-------------------------+-------+-------+-------++-------
Melee: Short sword       |    82 |   184 |    59 ||   325
       Unarmed           |     5 |       |       ||     5
 Fire: Shortbow          |    56 |   101 |   108 ||   265
 Abil: Evoke Berserk Rag |       |       |     1 ||     1
  Use: Potion            |     2 |     2 |       ||     4
       Scroll            |     3 |     8 |     1 ||    12
  Eat: Chunk             |     2 |    10 |     5 ||    17
       Ration            |       |     2 |     1 ||     3
Armor: Ring mail         |    42 |    93 |    45 ||   180
       Skin              |     3 |       |       ||     3
Dodge: Dodged            |    71 |   170 |   128 ||   369

Levels and vault maps discovered:
D:1:      dpeg_arrival_snail, layout_rooms
D:2:      layout_basic, uniq_robin, uniq_terence, uniq_natasha
D:3:      kennysheep_slugbush, layout_basic, lemuel_another_geyser, uniq_jessica
D:4:      layout_basic, nicolae_overflow_crystal_walls, first_ration,
          uniq_eustachio
D:5:      kennysheep_big_flooded_room, layout_loops_ring,
          nicolae_ossuary_entry_catacombs, gammafunk_ghost_stat_death

Notes
Turn   | Place    | Note
-------+----------+-------------------------------------------
     0 | D:1      | Monsterracer the Deep Elf Hunter began the quest for the
                  | Orb.
     0 | D:1      | Reached XP level 1. HP: 12/12 MP: 3/3
   105 | D:1      | HP: 6/12 [kobold (2)]
   314 | D:1      | Reached XP level 2. HP: 16/17 MP: 4/4
   554 | D:1      | Reached skill level 5 in Bows
  1043 | D:2      | Noticed Natasha
  1048 | D:2      | HP: 7/17 [Natasha (7)]
  1060 | D:2      | Killed Natasha
  1060 | D:2      | Reached XP level 3. HP: 8/21 MP: 5/5
  1754 | D:2      | Noticed Terence
  1754 | D:2      | Noticed Robin
  1844 | D:2      | Killed Robin
  1844 | D:2      | Reached XP level 4. HP: 18/27 MP: 6/6
  1998 | D:2      | HP: 12/27 [adder (4)]
  2004 | D:2      | HP: 10/27 [poisoned by an adder]
  2011 | D:2      | HP: 6/27 [poisoned by an adder]
  2019 | D:2      | HP: 5/27 [poisoned by an adder]
  2633 | D:2      | Reached skill level 6 in Bows
  2768 | D:2      | Noticed Natasha
  2774 | D:2      | Killed Natasha
  2774 | D:2      | Reached XP level 5. HP: 31/31 MP: 7/7
  2937 | D:2      | Noticed Natasha
  2946 | D:2      | HP: 13/31 [Natasha/magic dart (7)]
  2948 | D:2      | Killed Natasha
  3329 | D:2      | HP: 15/31 [poisoned by an adder]
  3335 | D:2      | HP: 14/31 [poisoned by an adder]
  3343 | D:2      | HP: 13/31 [poisoned by an adder]
  3553 | D:3      | Noticed an ogre
  3679 | D:3      | HP: 16/32 [dart slug/slug dart (2)]
  3684 | D:2      | HP: 14/32 [adder (3)]
  3980 | D:3      | Noticed a hungry ghost
  4007 | D:2      | HP: 14/32 [hungry ghost (3)]
  4011 | D:2      | Killed a hungry ghost
  4011 | D:2      | Reached skill level 7 in Bows
  4011 | D:2      | Reached XP level 6. HP: 17/37 MP: 8/8
  4513 | D:3      | Noticed Jessica
  4523 | D:3      | Killed Jessica
  5267 | D:4      | Found a sacrificial altar of Ru.
  5271 | D:4      | Noticed Eustachio
  5279 | D:4      | HP: 18/37 [poisoned by a worker ant]
  5286 | D:3      | HP: 11/37 [orc wizard/puff of flame (3)]
  5296 | D:3      | HP: 1/37 [orc wizard/puff of flame (7)]
  5300 | D:3      | Reached XP level 7. HP: 6/41 MP: 9/9
  5650 | D:4      | HP: 17/41 [iguana (12)]
  5908 | D:4      | Reached skill level 8 in Bows
  6047 | D:5      | Entered Level 5 of the Dungeon
  6047 | D:5      | Found a transporter.
  6053 | D:5      | Noticed vishdafish's ghost (novice GnSk)
  6104 | D:5      | Reached skill level 5 in Dodging
  6384 | D:5      | HP: 20/43 [iguana (11)]
  6404 | D:5      | HP: 19/43 [orc/+0 falchion (4)]
  6615 | D:5      | Found a transporter.
  6794 | D:4      | HP: 19/43 [howler monkey (4)]
  7019 | D:4      | HP: 21/43 [ufetubus[Eustachio] (3)]
  7020 | D:4      | HP: 10/43 [ufetubus[Eustachio] (2)]
  7021 | D:4      | HP: 4/43 [ufetubus[Eustachio] (3)]
  7022 | D:4      | Slain by an ufetubus

Vanquished Creatures
  A hungry ghost (D:2)
  An ogre (D:3)
  A phantom (D:4)
  A howler monkey (D:4)
  A crimson imp (D:5)
  A bullfrog zombie (D:5)
  4 orc wizards (D:3 D:4 D:5)
  A bullfrog skeleton (D:4)
  An orc priest (D:5)
  Jessica (D:3)
  2 iguanas (D:4 D:5)
  Natasha (thrice) (D:2)
  A worker ant (D:4)
  A hound skeleton (D:4)
  Robin (D:2)
  9 adders (D:2 D:3 D:5)
  A worm (D:2)
  10 dart slugs (D:2 D:3)
  2 leopard geckos (D:1 D:4)
  10 orcs (D:3 D:4 D:5)
  3 ball pythons (D:1 D:2)
  6 bats (D:1 D:2 D:3)
  2 giant cockroaches (D:3)
  15 goblins (D:1 D:2)
  8 hobgoblins (D:1 D:2 D:3)
  6 jackals (D:2 D:3)
  4 frilled lizards (D:2)
  5 kobolds (D:1 D:2)
  A quokka skeleton (D:5)
  7 rats (D:1 D:2 D:3)
110 creatures vanquished.

Vanquished Creatures (others)
  A ball python (D:3)
1 creature vanquished.

Grand Total: 111 creatures vanquished

Table legend:
 A = Turns spent in this place as a percentage of turns spent in the entire game.
 B = Non-inter-level travel turns spent in this place as a percentage of non-inter-level travel turns spent in the entire game.
 C = Inter-level travel turns spent in this place as a percentage of turns spent in this place.
 D = Turns resting spent in this place as a percentage of non-inter-level travel turns spent in this place.
 E = Turns spent auto-exploring this place as a percentage of non-inter-level travel turns spent in this place.
 F = Non-inter-level travel turns spent in this place divided by the number of levels of this place that you've seen.
                   A       B       C       D       E      F
               +-------+-------+-------+-------+-------+----------------------
         Total | 100.0 | 100.0 |   4.4 |  12.4 |  69.2 | 1342.0
       Dungeon | 100.0 | 100.0 |   4.4 |  12.4 |  69.2 | 1342.0
               +-------+-------+-------+-------+-------+----------------------

Table legend:
 A = Non-vault XP
 B = Vault XP
 C = Vault XP percentage of total XP
 D = Non-vault monster count
 E = Vault monster count
 F = Vault count percentage of total count
                 A         B        C        D         E       F
            +---------+---------+-------+---------+---------+-------
      Total |    1207 |     183 |  13.2 |      87 |      23 |  20.9
            +---------+---------+-------+---------+---------+-------
        D:1 |      28 |       0 |   0.0 |      17 |       0 |   0.0
        D:2 |     378 |      71 |  15.8 |      30 |      13 |  30.2
        D:3 |     215 |      69 |  24.3 |      18 |       9 |  33.3
        D:4 |     354 |       0 |   0.0 |       9 |       0 |   0.0
        D:5 |     232 |      43 |  15.6 |      13 |       1 |   7.1
            +---------+---------+-------+---------+---------+-------
